 Dungeon Crawl Stone Soup version 0.31-a0-188-g5e087ee2ca (webtiles) character file.

Game seed: 3282423353318697298

86 qw the Shooter (level 4, -6/25 HPs)
             Began as a Deep Elf Hunter on June 23, 2023.
             Mangled by Natasha (7 damage)
             ... on level 3 of the Dungeon.
             The game lasted 00:00:43 (1663 turns).

qw the Shooter (Deep Elf Hunter)                    Turns: 1663, Time: 00:00:43

Health: -6/25      AC:  6    Str: 10    XL:     4   Next: 26%
Magic:  6/6        EV: 11    Int: 14    God:
Gold:   115        SH:  0    Dex: 18    Spells: 3/3 levels left

rFire   . . .        Y - +0 shortbow
rCold   . . .        (shield currently unavailable)
rNeg    . . .        a - +0 ring mail
rPois   .            b - +0 helmet
rElec   .            (no cloak)
rCorr   .            (no gloves)
SInv    .            (no boots)
Will    .....        (no amulet)
Stlth   +            (no ring)
HPRegen 0.24/turn    (no ring)
MPRegen 0.10/turn

%: no passive effects
@: slowed, very slow
A: no striking features
a: no special abilities


You were on level 3 of the Dungeon.
You visited 1 branch of the dungeon, and saw 3 of its levels.

You collected 115 gold pieces.


   Skills:
 - Level 1.5 Fighting
 + Level 7.7 Ranged Weapons
 - Level 2.4 Dodging
 - Level 1.2 Stealth


You had 3 spell levels left.
You didn't know any spells.
Your spell library was empty.

Inventory:

Hand Weapons
 Y - a +0 shortbow (weapon)
Armour
 a - a +0 ring mail (worn)
 b - a +0 helmet (worn)
Scrolls
 e - 3 scrolls of identify
Potions
 f - a potion of might

Dungeon Overview and Level Annotations

Branches:
Dungeon (3/15)

Altars:

Annotations:
D:3 Natasha


Message History

The arrow hits the orc but does no damage.
The orc is heavily wounded.
The orc hits you with a +0 mace.
Natasha zaps a wand.
You hear a grinding noise.
You shoot an arrow. The arrow hits the orc.
The orc is almost dead.
The orc hits you with a +0 mace.
You shoot an arrow. The arrow closely misses the orc.
The orc hits you with a +0 mace. Something hits you but does no damage.
You shoot an arrow. The arrow barely misses the orc.
Natasha zaps a wand.
You hear a grinding noise.
The orc closely misses you. Something hits you but does no damage.
You shoot an arrow. The arrow hits the orc!
You kill the orc!
Something hits you.
You shoot an arrow. Something hits you but does no damage.
You shoot an arrow.
Something hits you but does no damage. x2
You shoot an arrow. Something hits you.
You shoot an arrow.
You hear a zap.
Some rock shatters into small pieces.
Something hits you but does no damage.
You shoot an arrow. The arrow hits Natasha.
Natasha is heavily wounded.
Something hits you but does no damage.
You shoot an arrow. The arrow hits Natasha.
Natasha is severely wounded.
Natasha casts a spell at you.
You feel yourself slow down. Something hits you but does no damage.
You shoot an arrow. The arrow completely misses Natasha.
Something hits you. Natasha claws you. Something hits you.
You shoot an arrow. The arrow hits Natasha.
Natasha is almost dead.
Natasha casts a spell at you. The magic dart hits you!
Something hits you but does no damage. Natasha claws you!
You die...

# #. # #.
##.#.######
#.#.....).#
#.#..#####.#
#.h@......#
......{>##....#
#######.##.####
#....# #.####
####### #.####
#......##....#
#...).%<#.##.#
#.........# #


You could see Natasha.

Vanquished Creatures
  Robin (D:2)
  An adder (D:2)
  A worm (D:2)
  2 dart slugs
  5 orcs
  4 ball pythons
  5 bats
  2 endoplasms
  2 giant cockroaches (D:1)
  11 goblins
  7 hobgoblins
  2 kobolds (D:2)
  A quokka (D:1)
  2 frilled lizards (D:2)
  2 rats (D:1)
48 creatures vanquished.

Notes
Turn   | Place    | Note
-------+----------+-------------------------------------------
     0 | D:1      | qw the Deep Elf Hunter began the quest for the Orb.
     0 | D:1      | Reached XP level 1. HP: 12/12 MP: 3/3
     0 | D:1      | 0 ||| qw: Version: 0.3-a-9-g12657ce
     0 | D:1      | 0 ||| qw: Game counter: 4350
     0 | D:1      | 0 ||| qw: Always use a shield: true
     0 | D:1      | 0 ||| qw: God list: Okawaru
     0 | D:1      | 0 ||| qw: Allow faded altars: false
     0 | D:1      | 0 ||| qw: Do Orc after D:15 true
     0 | D:1      | 0 ||| qw: Do second Lair branch before Depths: true
     0 | D:1      | 0 ||| qw: Lair rune preference: random
     0 | D:1      | 0 ||| qw: Plans: Normal
     0 | D:1      | 0 ||| PLANNING D:1-11
   223 | D:1      | Reached XP level 2. HP: 16/16 MP: 4/4
   253 | D:1      | Reached skill level 6 in Ranged Weapons
   435 | D:1      | Found a faded altar of an unknown god.
   642 | D:1      | 642 ||| READING scroll labelled NENE IRHAODI.
   643 | D:1      | 643 ||| READING 4 scrolls labelled BEREMA NAOPH.
   644 | D:1      | 644 ||| READING scroll labelled ZIEKHL WAXKICOA.
   745 | D:1      | 745 ||| READING 3 scrolls of identify.
   745 | D:1      | 745 ||| IDENTIFYING glowing white potion
   746 | D:1      | 746 ||| DROPPING scroll of butterflies.
   811 | D:2      | HP: 2/16 [worm (5)]
   902 | D:2      | Reached XP level 3. HP: 20/20 MP: 5/5
   961 | D:2      | Noticed Robin
   971 | D:2      | HP: 1/20 [Robin/+2 vampiric spear (7)]
   976 | D:2      | Killed Robin
   977 | D:2      | Reached skill level 7 in Ranged Weapons
   977 | D:2      | 977 ||| FLEEEEING.
   978 | D:2      | 978 ||| FLEEEEING.
   979 | D:2      | 979 ||| FLEEEEING.
   980 | D:2      | 980 ||| FLEEEEING.
   981 | D:2      | 981 ||| FLEEEEING.
   982 | D:2      | 982 ||| FLEEEEING.
   983 | D:2      | 983 ||| FLEEEEING.
   984 | D:2      | 984 ||| FLEEEEING.
   985 | D:2      | 985 ||| FLEEEEING.
   986 | D:2      | 986 ||| FLEEEEING.
   987 | D:2      | 987 ||| FLEEEEING.
   989 | D:2      | 989 ||| FLEEEEING.
   990 | D:2      | 990 ||| FLEEEEING.
   991 | D:2      | 991 ||| FLEEEEING.
   992 | D:2      | 992 ||| FLEEEEING.
   993 | D:2      | 993 ||| FLEEEEING.
   994 | D:2      | 994 ||| FLEEEEING.
   995 | D:2      | 995 ||| FLEEEEING.
   996 | D:2      | 996 ||| FLEEEEING.
   997 | D:2      | 997 ||| FLEEEEING.
   998 | D:2      | 998 ||| FLEEEEING.
   999 | D:2      | 999 ||| FLEEEEING.
  1000 | D:2      | 1000 ||| FLEEEEING.
  1001 | D:2      | 1001 ||| FLEEEEING.
  1002 | D:2      | 1002 ||| FLEEEEING.
  1003 | D:2      | 1003 ||| FLEEEEING.
  1004 | D:2      | 1004 ||| FLEEEEING.
  1005 | D:2      | 1005 ||| FLEEEEING.
  1006 | D:2      | 1006 ||| FLEEEEING.
  1007 | D:2      | 1007 ||| STAIRDANCE
  1052 | D:1      | 1052 ||| UPGRADING to +0 ring mail.
  1062 | D:1      | 1062 ||| DROPPING +0 leather armour.
  1066 | D:2      | 1066 ||| STAIRDANCE
  1316 | D:2      | Reached XP level 4. HP: 25/25 MP: 6/6
  1486 | D:2      | 1486 ||| UPGRADING to +0 helmet.
  1491 | D:2      | 1491 ||| READING 2 scrolls labelled ATOMOE NIENOSH.
  1492 | D:2      | 1492 ||| READING scroll labelled IROQ DIETYNAIRA.
  1493 | D:2      | 1493 ||| DROPPING scroll of amnesia.
  1524 | D:3      | 1524 ||| STAIRDANCE
  1533 | D:2      | HP: 6/25 [hobgoblin (2)]
  1649 | D:3      | Noticed Natasha
  1663 | D:3      | HP: 1/25 [Natasha/magic dart (9)]
  1663 | D:3      | Mangled by Natasha

Levels and vault maps discovered:
D:1:      dpeg_arrival_tiny_e, layout_loops_ring, ebering_ecumenical_altar_webs
D:2:      layout_basic, uniq_robin
D:3:      layout_basic, uniq_natasha

Skill      XL: |  1  2  3 |
---------------+----------+-----
Ranged Weapons | 6 7 |  7.7
Fighting       | |  1.5
Dodging        | |  2.4
Stealth        | |  1.2

Action                     |  1- 3 |  4- 6 || total
---------------------------+-------+-------++-------
   Fire: Shortbow          |   109 |    41 ||   150
    Use: Scroll            |     4 |     2 ||     6
 Armour: Leather armour    |     7 |       ||     7
         Ring mail         |    10 |    24 ||    34
  Dodge: Dodged            |    37 |    25 ||    62

Table legend:
 A = Non-vault XP
 B = Vault XP
 C = Vault XP percentage of total XP
 D = Non-vault monster count
 E = Vault monster count
 F = Vault count percentage of total count
                 A         B        C        D         E       F
            +---------+---------+-------+---------+---------+-------
      Total |      92 |      31 |  25.2 |      39 |       9 |  18.8
            +---------+---------+-------+---------+---------+-------
        D:1 |      30 |       4 |  11.8 |      17 |       2 |  10.5
        D:2 |      52 |      27 |  34.2 |      18 |       7 |  28.0
        D:3 |      10 |       0 |   0.0 |       4 |       0 |   0.0
            +---------+---------+-------+---------+---------+-------
